 Dungeon Crawl Stone Soup version 0.22.1-2-g9c5b331 (console) character file.

3916 verb the Poker (level 10, -12/76 HPs)
             Began as a Demonspawn Abyssal Knight on Dec 20, 2018.
             Was an Elder of Lugonu.
             Killed by divine providence
             ... invoked by an orc priest
              (13 damage)
             ... on level 8 of the Dungeon on Dec 23, 2018.
             The game lasted 02:02:18 (8586 turns).

verb the Poker (Demonspawn Abyssal Knight)          Turns: 8586, Time: 02:02:19

Health: -12/76     AC: 23    Str: 18    XL:     10   Next: 1%
Magic:  0/14       EV: 13    Int: 13    God:    Lugonu [****..]
Gold:   437        SH:  0    Dex: 14    Spells: 11/12 levels left

rFire    x . .     SeeInvis .   a - +3 spear
rCold    + + .     Gourm    .   (no shield)
rNeg     . . .     Faith    .   e - +2 ring mail
rPois    .         Spirit   +   (helmet restricted)
rElec    .         Reflect  .   m - +2 cloak
rCorr    .         Harm     .   C - +2 pair of gloves {Str+3}
MR       +....                  (no boots)
Stlth    ++........             d - amulet of rage
HPRegen  0.22/turn              B - ring of protection from magic
MPRegen  0.14/turn              t - ring of ice

@: sanguine armour, very slightly contaminated
A: antennae 1, cold resistance 1, magic shield, freezing cloud immunity,
sanguine armour 2
a: Depart the Abyss, Bend Space, Banish, Corrupt, Renounce Religion, Evoke
Berserk Rage


You were on level 8 of the Dungeon.
You worshipped Lugonu.
Lugonu was greatly pleased with you.
You were not hungry.

You visited 2 branches of the dungeon, and saw 9 of its levels.
You visited the Abyss 1 time.
You also visited: Ossuary.

You collected 437 gold pieces.

Inventory:

Hand Weapons
 a - a +3 spear (weapon)
 p - a +0 whip of pain
 G - a +3 dagger of chaos
Missiles
 x - 4 tomahawks (quivered)
Armour
 e - a +2 ring mail (worn)
 m - a +2 cloak (worn)
 v - a +0 robe of cold resistance
 C - a +2 pair of gloves of strength (worn)
Jewellery
 d - an amulet of rage (around neck)
 g - a -3 ring of dexterity
 q - an uncursed amulet of the acrobat
 t - a ring of ice (right hand)
 B - a ring of protection from magic (left hand)
 F - an uncursed ring of fire
 H - an uncursed ring of teleportation
Wands
 b - a wand of paralysis (19)
 c - a wand of polymorph (14)
 k - a wand of iceblast (8)
 l - a wand of acid (2)
 z - a wand of clouds (6)
 A - a wand of digging (14)
Scrolls
 f - 5 scrolls of identify
 h - 2 scrolls of remove curse
 n - 3 scrolls of noise
 o - 2 scrolls of amnesia
 r - 2 scrolls of magic mapping
 u - 2 scrolls of fog
 w - 4 scrolls of teleportation
 y - 3 scrolls of blinking
Potions
 j - a potion of brilliance
 s - a potion of agility
 E - a potion of lignification
 I - a potion of flight {unknown}
Comestibles
 i - 6 rations
 D - 3 chunks of flesh


   Skills:
 + Level 5.7 Fighting
 + Level 7.6 Polearms
 + Level 1.4 Throwing
 + Level 5.3 Armour
 + Level 3.9 Dodging
 + Level 3.5 Stealth
 + Level 1.7 Spellcasting
 * Level 4.2 Necromancy
 * Level 5.8 Invocations
 + Level 2.9 Evocations


You had 11 spell levels left.
You knew the following spells:

 Your Spells              Type           Power        Failure   Level  Hunger
a - Animate Skeleton      Necr           N/A          8%          1    ##.....

Your spell library contained the following spells:

 Spells                   Type           Power        Failure   Level  Hunger
 Apportation              Tloc           #.....       41%         1    ##.....
 Confusing Touch          Hex            #.....       41%         1    ##.....
 Summon Small Mammal      Summ           #...         41%         1    ##.....


Dungeon Overview and Level Annotations

Branches:
Dungeon (8/15)             Temple (1/1) D:5
   Lair: D:8-11

Altars:
Ashenzari
Cheibriados
Dithmenos
Elyvilon
Fedhas
Gozag
Hepliaklqana
Kikubaaqudgha
Makhleb
Nemelex Xobeh
Okawaru
Qazlal
Ru
Sif Muna
Trog
Uskayaw
Vehumet
Wu Jian
Xom
Yredelemnul
Zin

Annotations:
D:8 Prince Ribbit


Innate Abilities, Weirdness & Mutations

You have a pair of small antennae on your head.
Your flesh is cold resistant. (rC+)
When hurt, damage is shared between your health and your magic reserves.
You are immune to freezing clouds.
When seriously injured, your bleeding wounds create thick armour. (AC +9)


Message History

Blink to where?
Press: ? - help, Dir - move target cursor, p - orc priest You are very lightly contaminated with residual magic.
As you read the scroll of blinking, it crumbles to dust.
Throwing (i - inventory)
x - 6 tomahawks (quivered)
Press: ? - help, Shift-Dir - straight line, f - orc priest
Aim: an orc priest, wielding a club (moderately wounded)
You throw a tomahawk. The tomahawk hits the orc priest.
The orc priest is moderately wounded.
Throwing (i - inventory)
x - 5 tomahawks (quivered)
Press: ? - help, Shift-Dir - straight line, f/p - orc priest
Aim: an orc priest, wielding a club (moderately wounded)
You throw a tomahawk.
The tomahawk completely misses the orc priest.
The orc priest calls down the wrath of Beogh upon you.
Beogh smites you!
* * * LOW HITPOINT WARNING * * *
The orc priest mumbles some strange prayers to Beogh against you.
Beogh smites you!
You die...

....##..#
....##.)##########
....##.))o.....((#
....##.#########o#
....##.# #.#
....##.# #.#
....##.# #.#
######.# #.# #.#
#.# #.# #.#
######.#########@##
........))........#
######.############
#.# #.# #.# #.# #.#
######.# .......#
########


You could see an orc priest.

Vanquished Creatures
  Psyche (D:8)
  Maurice (D:8)
  Joseph (D:8)
  2 sky beasts
  3 orc warriors
  2 necrophages (D:7)
  3 ogres
  4 centaurs
  3 bullfrogs
  An elf zombie (Ossuary)
  A wyvern skeleton (D:8)
  5 killer bees (D:8)
  3 wights (D:7)
  3 howler monkeys
  2 crimson imps
  2 human zombies (Ossuary)
  3 hounds
  A jelly (D:8)
  A bullfrog skeleton (D:4)
  A gnoll shaman (D:8)
  3 orc priests
  4 orc wizards
  An iguana (D:4)
  3 worker ants
  A killer bee zombie (D:6)
  3 hound zombies
  2 hound skeletons
  4 mummies (Ossuary)
  A worker ant zombie (D:8)
  4 gnolls (D:8)
  5 adders
  An ooze (D:2)
  4 adder zombies
  A worm (D:8)
  2 dart slugs
  6 leopard geckos
  22 orcs
  5 ball pythons
  A bat zombie (D:2)
  4 giant cockroaches
  A gnoll zombie (Ossuary)
  A goblin (D:1)
  11 hobgoblins
  11 jackals
  3 quokkas
  5 bats
  6 frilled lizards
  A goblin zombie (Ossuary)
  A jackal zombie (Ossuary)
  7 kobolds
  A kobold zombie (Ossuary)
  A quokka skeleton (D:4)
  5 rats
  A plant (D:1)
  A withered plant (D:2)
176 creatures vanquished.

Vanquished Creatures (collateral kills)
  A crimson imp (D:7)
  An adder (D:6)
  An orc (D:7)
3 creatures vanquished.

Grand Total: 179 creatures vanquished

Notes
Turn   | Place    | Note
-------+----------+-------------------------------------------
     0 | Abyss:1  | verb the Demonspawn Abyssal Knight began the quest for the
                  | Orb.
     0 | Abyss:1  | Reached XP level 1. HP: 18/18 MP: 2/2
    30 | Abyss:1  | Noticed a small abomination
    37 | D:1      | Escaped the Abyss
   140 | D:1      | Gained mutation: Your flesh is cold resistant. (rC+)
                  | [demonic ancestry]
   140 | D:1      | Reached XP level 2. HP: 7/24 MP: 3/3
   145 | D:1      | Reached skill level 1 in Dodging
   147 | D:1      | Reached * piety under Lugonu
   529 | D:1      | Reached skill level 2 in Polearms
   922 | D:1      | Gained mutation: When seriously injured, your bleeding
                  | wounds create armour. (AC +9) [demonic ancestry]
   922 | D:1      | Reached XP level 3. HP: 20/29 MP: 4/4
  1088 | D:2      | Reached ** piety under Lugonu
  1151 | D:2      | Found a sacrificial altar of Ru.
  1487 | D:2      | Found a stormy altar of Qazlal.
  1652 | D:3      | Reached XP level 4. HP: 34/36 MP: 6/6
  2016 | D:4      | Found a basalt altar of Yredelemnul.
  2018 | D:4      | Noticed a centaur
  2042 | D:4      | Killed a centaur
  2042 | D:4      | Reached skill level 3 in Polearms
  2042 | D:4      | Gained mutation: You have a pair of small antennae on your
                  | head. [demonic ancestry]
  2042 | D:4      | Reached XP level 5. HP: 17/42 MP: 7/7
  2250 | D:4      | Noticed an ogre
  2258 | D:4      | Killed an ogre
  2258 | D:4      | Reached XP level 6. HP: 30/48 MP: 8/8
  2406 | D:4      | Learned a level 1 spell: Animate Skeleton
  2774 | D:5      | Entered Level 5 of the Dungeon
  2783 | D:5      | Reached skill level 1 in Stealth
  2836 | D:5      | Found a staircase to the Ecumenical Temple.
  2852 | D:5      | Reached skill level 4 in Polearms
  3271 | D:5      | Found a glowing drain.
  3387 | D:5      | Reached XP level 7. HP: 35/54 MP: 9/9
  3453 | D:5      | Found a hazy altar of Hepliaklqana.
  3481 | D:5      | Found a burning altar of Makhleb.
  3696 | Temple   | Entered the Ecumenical Temple
  4079 | D:6      | Reached skill level 1 in Evocations
  4122 | D:6      | Paralysed by a centaur for 7 turns
  4147 | D:6      | Reached *** piety under Lugonu
  4453 | D:6      | Reached skill level 5 in Polearms
  5236 | D:7      | Gained mutation: You are immune to freezing clouds.
                  | [demonic ancestry]
  5236 | D:7      | Reached XP level 8. HP: 60/60 MP: 10/10
  5454 | D:7      | Reached skill level 5 in Fighting
  5633 | D:7      | Found a burning altar of Makhleb.
  5671 | D:7      | Reached skill level 6 in Polearms
  5793 | D:7      | Reached skill level 1 in Throwing
  6005 | D:7      | Found a stormy altar of Qazlal.
  6009 | D:7      | Found a blossoming altar of Fedhas.
  6446 | D:8      | Noticed Prince Ribbit
  6581 | D:8      | Reached skill level 1 in Necromancy
  6583 | D:8      | Gained mutation: When seriously injured, your bleeding
                  | wounds create thick armour. (AC +9) [demonic ancestry]
  6583 | D:8      | Reached XP level 9. HP: 37/68 MP: 11/11
  6641 | D:8      | Found a sand-covered staircase.
  6646 | Ossuary  | Entered an ossuary
  6662 | Ossuary  | Reached **** piety under Lugonu
  7350 | D:8      | Reached skill level 1 in Spellcasting
  7352 | D:8      | HP: 3/68 [orc priest/divine providence (13)]
  7376 | D:8      | Noticed Psyche
  7609 | D:8      | Found an opulent altar of Gozag.
  7618 | D:8      | Killed Psyche
  7618 | D:8      | Reached skill level 7 in Polearms
  7618 | D:8      | Reached skill level 5 in Armour
  7626 | D:8      | Found a white marble altar of Elyvilon.
  7629 | D:8      | Found an iron altar of Okawaru.
  7685 | D:8      | Noticed Joseph
  7727 | D:8      | Killed Joseph
  7727 | D:8      | Reached skill level 5 in Invocations
  7756 | D:8      | Found an ancient bone altar of Kikubaaqudgha.
  8200 | D:8      | Found an ornate altar of the Wu Jian Council.
  8218 | D:8      | Noticed Maurice
  8225 | D:8      | Killed Maurice
  8574 | D:8      | HP: 2/69 [orc warrior/flail (18)]
  8575 | D:8      | Gained mutation: When hurt, damage is shared between your
                  | health and your magic reserves. [demonic ancestry]
  8575 | D:8      | Reached XP level 10. HP: 2/76 MP: 14/14
  8585 | D:8      | HP: 1/76 [orc priest/divine providence (3)]
  8586 | D:8      | Killed from afar by an orc priest

Skill      XL: |  1  2  3  4  5  6  7  8  9 |
---------------+----------------------------+-----
Dodging        | 1 2 3 |  3.9
Armour         | 2 3 4 5 |  5.3
Polearms       | 2 3 4 5 6 7 |  7.6
Fighting       | 4 5 |  5.7
Invocations    | 3 5 |  5.8
Stealth        | 1 2 3 |  3.5
Evocations     | 1 2 |  2.9
Throwing       | 1 |  1.4
Necromancy     | 1 4 |  4.2
Spellcasting   | 1 |  1.7

Action                   |  1- 3 |  4- 6 |  7- 9 | 10-12 || total
-------------------------+-------+-------+-------+-------++-------
Melee: Spear             |   304 |   184 |   730 |       ||  1218
Throw: Tomahawk          |       |     4 |    15 |     2 ||    21
 Cast: Animate Skeleton  |       |     3 |    13 |       ||    16
Invok: Depart the Abyss  |     1 |       |       |       ||     1
       Bend Space        |     2 |       |     2 |       ||     4
       Banish            |       |       |       |     1 ||     1
 Abil: Evoke Berserk Rag |       |     2 |     1 |       ||     3
Evoke: Wand              |       |     1 |    28 |       ||    29
  Use: Scroll            |     2 |     2 |    11 |     1 ||    16
       Potion            |     3 |     1 |    14 |       ||    18
 Stab: Paralysed         |       |       |     8 |       ||     8
  Eat: Chunk             |     1 |     3 |     3 |       ||     7
       Ration            |     1 |     1 |     5 |       ||     7
Armor: Leather armour    |    28 |       |       |       ||    28
       Ring mail         |    70 |    73 |   255 |       ||   398
Dodge: Dodged            |   136 |   113 |   281 |       ||   530
